 Dungeon Crawl Stone Soup version 0.23.2 (webtiles) character file.

Game seed: 5817052894510500658

1264 diana the Slinger (level 8, -1/50 HPs)
             Began as a Halfling Hunter on Apr 12, 2019.
             Succumbed to a big kobold's poison
             ... in a sewer.
             The game lasted 00:16:56 (5992 turns).

diana the Slinger (Halfling Hunter)                 Turns: 5992, Time: 00:16:57

Health: -1/50      AC:  4    Str: 17    XL:     8   Next: 82%
Magic:  8/8        EV: 15    Int: 14    God:
Gold:   267        SH:  0    Dex: 17    Spells: 7/7 levels left

rFire    . . .     SeeInvis .   y - +0 rapier
rCold    . . .     Gourm    .   (shield restricted)
rNeg     . . .     Faith    .   c - +0 leather armour
rPois    .         Spirit   .   (no helmet)
rElec    .         Reflect  .   i - +0 cloak
rCorr    .         Harm     .   (no gloves)
MR       .....                  (no boots)
Stlth    ++++......             (no amulet)
HPRegen  0.16/turn              u - +4 ring of strength
MPRegen  0.11/turn              B - +2 ring of strength

@: brilliant, lethally poisoned (-1 -> -28), berserk cooldown, slowed, very slow
A: small, mutation resistance 1, weak 1
a: no special abilities


You were in a sewer.
You were very hungry.

You visited 1 branch of the dungeon, and saw 5 of its levels.
You also visited: Sewer.

You collected 267 gold pieces.

Inventory:

Hand Weapons
 a - a +1 hunting sling
 v - a +1 dagger of venom
 y - a +0 rapier (weapon)
Missiles
 d - 32 sling bullets
 j - 115 stones (quivered)
Armour
 c - a +0 leather armour (worn)
 i - a +0 cloak (worn)
Jewellery
 u - a +4 ring of strength (left hand)
 B - a +2 ring of strength (right hand)
 D - an uncursed ring of fire {unknown}
Wands
 C - a wand of acid (7)
Scrolls
 b - a scroll of noise {unknown}
 e - a scroll of magic mapping {unknown}
 h - a scroll of fog {unknown}
 k - 2 scrolls of immolation {unknown}
 m - 5 scrolls of teleportation {unknown}
 n - 4 scrolls of enchant armour {unknown}
 o - 3 scrolls of remove curse {unknown}
 p - 4 scrolls of identify {unknown}
 A - a scroll of amnesia {unknown}
Potions
 g - 2 potions of lignification
 l - a potion of mutation
 q - a potion of degeneration {unknown}
 r - a potion of berserk rage
 s - a potion of curing {unknown}
 t - 2 potions of brilliance
 w - 3 potions of heal wounds {unknown}
 x - 2 potions of agility {unknown}
 z - a potion of resistance {unknown}
 E - 3 potions of magic {unknown}
 F - a potion of flight {unknown}
Comestibles
 f - 6 rations


   Skills:
 - Level 2.0 Fighting
 - Level 2.0 Short Blades
 + Level 11.1 Slings
 - Level 2.0 Armour
 - Level 2.1 Dodging
 + Level 8.0 Stealth


You had 7 spell levels left.
You didn't know any spells.
Your spell library was empty.

Dungeon Overview and Level Annotations

Branches:
Dungeon (5/15)
 Temple: D:4-7

Altars:
Cheibriados
Fedhas
Kikubaaqudgha
Makhleb
Qazlal
Trog
Vehumet
Wu Jian
Yredelemnul
Zin

Shops:
D:4 }

Annotations:
D:5 Dowan, Duvessa


Innate Abilities, Weirdness & Mutations

You are small and have problems with some larger weapons.
You are somewhat resistant to further mutation.
You are weak. (Str -2)


Message History

You are too berserk!
* * * LOW HITPOINT WARNING * * *
You feel sick.
Things that are here:
a +0 dagger; a +0 short sword of venom You feel a strong urge to attack something.
* * * LOW HITPOINT WARNING * * *
You feel sick.
* * * LOW HITPOINT WARNING * * *
You feel sick.
You see here a silvery potion.
w - 3 silvery potions (gained 1)
You feel your anger nearly subside.
You are no longer berserk.
You are exhausted.
You feel yourself slow down.
* * * LOW HITPOINT WARNING * * *
You feel sick.
It was a potion of brilliance.
You feel clever all of a sudden.
You die...

# ##### ## ## ##.≈≈##
##.###
≈#####.....#####≈...#
≈≈≈≈≈≈...≈.(.().@...#
.#####....≈####..!≈.#
## ##≈..## ##..### #
##≈## #### #≈# #≈# #
#≈# ## ≈≈. .##### !.


There were no monsters in sight!

Vanquished Creatures
  A hippogriff (D:4)
  Sigmund (D:4)
  An ice beast (D:5)
  2 ogres (D:4)
  A phantom (D:4)
  2 big kobolds (Sewer)
  A howler monkey (D:4)
  An orc priest (D:4)
  A gnoll shaman (D:4)
  Terence (D:2)
  2 worker ants
  7 gnolls
  11 adders
  3 oozes
  An adder skeleton (D:5)
  2 worms
  2 dart slugs
  7 leopard geckos
  14 orcs
  5 ball pythons
  11 bats
  5 giant cockroaches
  5 goblins
  7 hobgoblins
  2 jackals
  2 quokkas
  4 frilled lizards
  10 kobolds
  A leopard gecko skeleton (D:4)
  6 rats
119 creatures vanquished.

Notes
Turn   | Place    | Note
-------+----------+-------------------------------------------
     0 | D:1      | diana the Halfling Hunter began the quest for the Orb.
     0 | D:1      | Reached XP level 1. HP: 14/14 MP: 1/1
   355 | D:1      | Reached skill level 6 in Slings
   374 | D:1      | Reached XP level 2. HP: 18/19 MP: 2/2
   930 | D:1      | Reached XP level 3. HP: 24/24 MP: 3/3
  1014 | D:1      | Reached skill level 1 in Short Blades
  1628 | D:3      | Reached XP level 4. HP: 29/29 MP: 4/4
  1891 | D:3      | Found a glowing silver altar of Zin.
  2453 | D:2      | Found a blossoming altar of Fedhas.
  2454 | D:2      | Found a basalt altar of Yredelemnul.
  2753 | D:2      | Reached XP level 5. HP: 30/34 MP: 5/5
  2789 | D:2      | Reached skill level 1 in Armour
  2820 | D:2      | Reached skill level 7 in Slings
  3232 | D:2      | Noticed Terence
  3242 | D:2      | Killed Terence
  3247 | D:2      | Found a snail-covered altar of Cheibriados.
  3584 | D:4      | Found a radiant altar of Vehumet.
  3585 | D:4      | Found a bloodstained altar of Trog.
  3585 | D:4      | Found an ancient bone altar of Kikubaaqudgha.
  3585 | D:4      | Found a burning altar of Makhleb.
  3585 | D:4      | Noticed a hippogriff
  3585 | D:4      | Noticed a phantom
  3640 | D:3      | Reached XP level 6. HP: 25/39 MP: 6/6
  3996 | D:4      | Noticed an ogre
  4140 | D:4      | Killed an ogre
  4140 | D:4      | Reached skill level 8 in Slings
  4352 | D:4      | Reached XP level 7. HP: 45/45 MP: 7/7
  4364 | D:4      | Reached skill level 5 in Stealth
  4480 | D:4      | Noticed Sigmund
  4484 | D:4      | Killed Sigmund
  4484 | D:4      | Reached skill level 9 in Slings
  4516 | D:4      | Found Buokorop's Gadget Boutique.
  4573 | D:4      | Killed a hippogriff
  4573 | D:4      | Reached XP level 8. HP: 50/50 MP: 8/8
  4661 | D:4      | Reached skill level 10 in Slings
  4823 | D:4      | Found an ornate altar of the Wu Jian Council.
  4829 | D:4      | Found a stormy altar of Qazlal.
  5280 | D:5      | Entered Level 5 of the Dungeon
  5287 | D:5      | Noticed Duvessa
  5287 | D:5      | Noticed Dowan
  5736 | D:5      | Found a glowing drain.
  5745 | Sewer    | Entered a sewer
  5982 | Sewer    | Gained mutation: You are weak. (Str -2) [potion of
                  | mutation]
  5986 | Sewer    | Reached skill level 11 in Slings
  5991 | Sewer    | HP: 2/50 [poisoned by a big kobold]
  5992 | Sewer    | Succumbed to a big kobold's poison

Skill      XL: |  1  2  3  4  5  6  7  8 |
---------------+-------------------------+-----
Fighting       | 2 |  2.0
Slings         | 6 7 8 9 11 | 11.1
Short Blades   | 1 2 |  2.0
Stealth        | 2 3 4 6 8 |  8.0
Armour         | 2 |  2.0
Dodging        | |  2.1

Action                   |  1- 3 |  4- 6 |  7- 9 || total
-------------------------+-------+-------+-------++-------
Melee: Short sword       |   122 |    41 |       ||   163
       Dagger            |       |    50 |    88 ||   138
       Rapier            |       |     6 |    65 ||    71
 Fire: Hunting sling     |    12 |    92 |    79 ||   183
Throw: Stone             |       |       |    26 ||    26
  Use: Potion            |     1 |       |     3 ||     4
 Stab: Sleeping          |     2 |     5 |     5 ||    12
  Eat: Chunk             |     2 |     9 |     4 ||    15
Armor: Leather armour    |    40 |    20 |    33 ||    93
       Skin              |     3 |       |       ||     3
Dodge: Dodged            |   160 |   106 |   101 ||   367
